 Seeded DCSS version 0.30-a0-743-gbfdf073431 (webtiles) character file.

Game seed: 5430720872467839093 (custom seed)

102 purpskrrrp the Sneak (level 4, -1/45 HPs)
             Began as an Octopode Brigand on Feb 7, 2023.
             Slain by a gnoll
             ... wielding a +0 whip
              (7 damage)
             ... on level 2 of the Dungeon.
             The game lasted 00:02:58 (1300 turns).

purpskrrrp the Sneak (Octopode Brigand)             Turns: 1300, Time: 00:02:58

Health: -1/45      AC:  1    Str: 16    XL:     4   Next: 78%
Magic:  4/4        EV: 13    Int: 13    God:
Gold:   51         SH:  0    Dex: 15    Spells: 3/3 levels left

rFire   . . .      SeeInvis .    a - +2 dagger (protect)
rCold   . . .      Faith    .    (no shield)
rNeg    . . .      Spirit   .    (helmet restricted)
rPois   .          Reflect  .    (no amulet)
rElec   .          Harm     .    l - +6 ring of strength
rCorr   .          Rampage  .    (no ring)
Will    .....                    (no ring) Stlth
                                 (no ring)
HPRegen 0.27/turn                (no ring)
MPRegen 0.09/turn                (no ring)
                                 (no ring)
                                 (no ring)

@: berserking, attractive, very quick
A: almost no armour, amphibious, 8 rings, camouflage 1, gelatinous body 1,
(nimble swimmer 1), tentacles
a: no special abilities


You were on level 2 of the Dungeon.
You visited 1 branch of the dungeon, and saw 3 of its levels.

You collected 51 gold pieces.

Inventory:

Hand Weapons
 a - a +2 dagger of protection (weapon)
Missiles
 b - 14 poisoned darts
 c - 3 curare-tipped darts
Jewellery
 l - a +6 ring of strength (left tentacle)
Scrolls
 g - a scroll of amnesia
 i - a scroll of noise
 k - a scroll of identify
Potions
 d - a potion of mutation {unknown}


   Skills:
 + Level 2.6 Fighting
 + Level 2.6 Short Blades
 + Level 2.6 Throwing
 + Level 2.0 Dodging
 * Level 6.4 Stealth


You had 3 spell levels left.
You didn't know any spells.
Your spell library was empty.

Dungeon Overview and Level Annotations

Branches:
Dungeon (3/15)

Altars:
Okawaru


Innate Abilities, Weirdness & Mutations

You cannot wear most types of armour.
You are amphibious.
You can wear up to eight rings at the same time.
Your skin changes colour to match your surroundings (Stealth+).
Your rubbery body absorbs attacks. (AC +1, EV +1)
((You are camouflaged when in or above water. (Stealth+)))
You have tentacles for arms and can constrict up to eight enemies at once.


Message History

You constrict the gnoll. The gnoll closely misses you.
You hit the gnoll but do no damage.
The gnoll is severely wounded.
You constrict the gnoll. The gnoll barely misses you. The gnoll misses you.
The gnoll hits you with a +0 flail!
You are too injured to fight recklessly!
You are too injured to fight recklessly!
You are too injured to fight recklessly!
You are too injured to fight recklessly!
You are too injured to fight recklessly!
You are too injured to fight recklessly!
You are too injured to fight recklessly!
You are too injured to fight recklessly!
You are too injured to fight recklessly!
You are too injured to fight recklessly!
You are too injured to fight recklessly!
You are too injured to fight recklessly!
You are too injured to fight recklessly!
You are too injured to fight recklessly!
You are too injured to fight recklessly!
You are too injured to fight recklessly!
You are too injured to fight recklessly!
You release your grip on the gnoll.
The gnoll attacks as you move away! The gnoll hits you with a +0 flail!
* * * LOW HITPOINT WARNING * * *
Okay, then.
The gnoll hits you with a +0 whip.
* * * LOW HITPOINT WARNING * * *
The gnoll attacks as you move away! The gnoll barely misses you.
It was a potion of attraction.
You feel attractive to monsters. The gnoll hits you with a +0 whip.
* * * LOW HITPOINT WARNING * * *
It was a potion of berserk rage.
A red film seems to cover your vision as you go berserk!
You feel yourself moving faster!
You feel mighty!
You closely miss the gnoll. You grab the gnoll. You squeeze the gnoll.
You kill the gnoll!
The gnoll hits you with a +0 whip!
You die...

# #. # ##
#.########.## ...#
#..)........ ....
##.#........
#..#..#..#@####.##
#........)g#
..##.....###
##...... ########
#.. #..


You could see a gnoll.

Vanquished Creatures
  An orc wizard (D:2)
  An adder (D:3)
  5 gnolls
  A bat (D:1)
  5 endoplasms
  A hobgoblin (D:1)
  4 jackals (D:1)
  4 kobolds (D:1)
  2 quokkas (D:1)
  3 ball pythons
  A frilled lizard (D:3)
  2 goblins (D:1)
  A rat (D:1)
31 creatures vanquished.

Notes
Turn   | Place    | Note
-------+----------+-------------------------------------------
     0 | D:1      | purpskrrrp the Octopode Brigand began the quest for the
                  | Orb.
     0 | D:1      | Reached XP level 1. HP: 14/14 MP: 1/1
    66 | D:1      | Reached XP level 2. HP: 8/19 MP: 2/2
   876 | D:1      | Reached XP level 3. HP: 24/24 MP: 3/3
   995 | D:2      | You fall into a shaft and drop 1 floor!
   997 | D:3      | Identified the +2 robe of Binutifa {rPois Dex+5}
  1045 | D:3      | Reached skill level 6 in Stealth
  1049 | D:3      | Found an iron altar of Okawaru.
  1084 | D:3      | Reached XP level 4. HP: 15/30 MP: 4/4
  1196 | D:3      | Identified the +3 short sword of the Manifold Quests
                  | {flame, rElec Int+5}
  1300 | D:2      | Slain by a gnoll

Illustrated notes

Levels and vault maps discovered:
D:1:      dpeg_arrival_boxes_within_box, layout_basic
D:2:      layout_loops_ring, serial_shops, shop, nicolae_kite_square_tiling_tiny
D:3:      layout_rooms, okawaru_metal_pillars_3, ebering_ecumenical_altar_rust

Skill      XL: |  1  2  3  4 |
---------------+-------------+-----
Stealth        | 6 |  6.4
Dodging        | 2 |  2.0
Fighting       | |  2.6
Short Blades   | |  2.6
Throwing       | |  2.6

Action                     |  1- 3 |  4- 6 || total
---------------------------+-------+-------++-------
  Melee: Dagger            |    54 |    15 ||    69
         Constrict         |    13 |     2 ||    15
         Tentacles         |    11 |     3 ||    14
  Throw: Dart              |     2 |       ||     2
    Use: Scroll            |     5 |       ||     5
         Potion            |     2 |     2 ||     4
   Stab: Sleeping          |     6 |       ||     6
         Distracted        |     1 |       ||     1
 Armour: Skin              |    13 |     2 ||    15
  Dodge: Dodged            |    64 |     8 ||    72

Table legend: (Time is in decaauts)
 A = Elapsed time spent in this place.
 B = Non-inter-level travel time spent in this place.
 C = Inter-level travel time spent in this place.
 D = Time resting spent in this place.
 E = Time spent auto-exploring this place.
 F = Levels seen in this place.
 G = Mean time per level.
                   A        B        C        D        E       F      G
               +--------+--------+--------+--------+--------+-----+--------+
         Total |   1291 |   1215 |     76 |    130 |    856 |   3 |  430.3 |
       Dungeon |   1291 |   1215 |     76 |    130 |    856 |   3 |  430.3 |
               +--------+--------+--------+--------+--------+-----+--------+

Top non-repeatable levels by time:
     D:1: 987 daAuts
     D:3: 201 daAuts
     D:2: 102 daAuts
